TOP OF THE 1ST |
Toronto Titans batting - Pitching for Pocatello Boccabellas : RHP Kevin Bush
|
Pitching: RHP Kevin Bush
|
|
Batting: SHB Ramón Lugo
|
0-0: Called Strike 0-1: Ball 1-1: Ball 2-1: Ball 3-1: Ground out 6-3 (Groundball, 56D)
|
Batting: LHB Lewis Barr
|
0-0: Called Strike 0-1: Swinging Strike 0-2: Ball 1-2: Ball 2-2: DOUBLE (Line Drive, 3L)
|
Batting: LHB Kent MacDulothe
|
0-0: Foul Ball, location: 2F 0-1: Called Strike 0-2: Strikes out swinging
|
Batting: LHB Roberto García
|
0-0: Called Strike 0-1: Ball 1-1: Ball 2-1: Ball 3-1: Called Strike 3-2: SINGLE (Line Drive, 34D) Lewis Barr to third Lewis Barr scores
|
Batting: SHB Juan Gómez
|
0-0: Ball 1-0: Foul Ball, location: 2F 1-1: Called Strike 1-2: Ball 2-2: Fly out, F7 (Line Drive, 7M)
|
Top of the 1st over - 1 run(s), 2 hit(s), 0 error(s), 1 left on base; Toronto 1 - Pocatello 0 |
BOTTOM OF THE 1ST |
Pocatello Boccabellas batting - Pitching for Toronto Titans : LHP Stan Aldridge
|
Pitching: LHP Stan Aldridge
|
|
Batting: RHB José García
|
0-0: Ball 1-0: Foul Ball, location: 2F 1-1: Foul Ball, location: 2F 1-2: Foul Ball, location: 2F 1-2: Ball 2-2: SINGLE (Groundball, 56D)
|
Batting: LHB Norberto Muñóz
|
0-0: Ball 1-0: Ball 2-0: Ball 3-0: Called Strike 3-1: Base on Balls José García to second
|
Batting: RHB Marlon Phipps
|
0-0: Swinging Strike 0-1: SINGLE (Groundball, 56D) José García to third Norberto Muñóz to second Runner from 3rd tries for Home, SAFE, no throw or cutoff
|
Batting: LHB Juan Cortés
|
0-0: Called Strike 0-1: Ball 1-1: Foul Ball, location: 2F 1-2: TRIPLE (Flyball, 9D) Norberto Muñóz scores Marlon Phipps scores
|
Batting: RHB Francisco Sandoval
|
0-0: Ground out 1-3 (Groundball, 13S)
|
Batting: RHB Pedro Guzmán
|
0-0: Swinging Strike 0-1: Swinging Strike 0-2: Ball 1-2: Strikes out swinging
|
Batting: RHB José Delgado
|
0-0: Called Strike 0-1: Called Strike 0-2: Ball 1-2: Foul Ball, location: 2F 1-2: Fly out, F9 (Flyball, 89M)
|
Bottom of the 1st over - 3 run(s), 3 hit(s), 0 error(s), 1 left on base; Toronto 1 - Pocatello 3 |
TOP OF THE 2ND |
Toronto Titans batting - Pitching for Pocatello Boccabellas : RHP Kevin Bush
|
Batting: LHB Matt Smith
|
0-0: Called Strike 0-1: Foul Ball, location: 2F 0-2: Strikes out swinging
|
Batting: RHB Chris Parker
|
0-0: Ground out 5-3 (Groundball, 56)
|
Batting: RHB Jim Tracy
|
0-0: Foul Ball, location: 2F 0-1: Called Strike 0-2: Ball 1-2: Ball 2-2: Fly out, F8 (Flyball, 8LS)
|
Top of the 2nd over - 0 run(s), 0 hit(s), 0 error(s), 0 left on base; Toronto 1 - Pocatello 3 |
BOTTOM OF THE 2ND |
Pocatello Boccabellas batting - Pitching for Toronto Titans : LHP Stan Aldridge
|
Batting: LHB Jim Jensen
|
0-0: Called Strike 0-1: Foul Ball, location: 2F 0-2: Ball 1-2: Ball 2-2: Foul Ball, location: 2F 2-2: Foul Ball, location: 2F 2-2: Strikes out looking
|
Batting: SHB Guillermo Ortíz
|
0-0: Called Strike 0-1: Ball 1-1: Called Strike 1-2: Ball 2-2: Fly out, F7 (Flyball, 7D)
|
Batting: RHB José García
|
0-0: Ball 1-0: Ground out 5-3 (Groundball, 15S)
|
Bottom of the 2nd over - 0 run(s), 0 hit(s), 0 error(s), 0 left on base; Toronto 1 - Pocatello 3 |
TOP OF THE 3RD |
Toronto Titans batting - Pitching for Pocatello Boccabellas : RHP Kevin Bush
|
Batting: RHB Pedro Rosado
|
0-0: Called Strike 0-1: Ball 1-1: Ground out 6-3 (Groundball, 6)
|
Batting: SHB Ramón Lugo
|
0-0: Called Strike 0-1: Ball 1-1: Fly out, F8 (Flyball, 8LM)
|
Batting: LHB Lewis Barr
|
0-0: Ball 1-0: Called Strike 1-1: Called Strike 1-2: Foul Ball, location: 2F 1-2: Strikes out swinging
|
Top of the 3rd over - 0 run(s), 0 hit(s), 0 error(s), 0 left on base; Toronto 1 - Pocatello 3 |
BOTTOM OF THE 3RD |
Pocatello Boccabellas batting - Pitching for Toronto Titans : LHP Stan Aldridge
|
Batting: LHB Norberto Muñóz
|
0-0: Foul Ball, location: 2F 0-1: Called Strike 0-2: Ball 1-2: Ball 2-2: Ball 3-2: Foul Ball, location: 2F 3-2: Base on Balls
|
Batting: RHB Marlon Phipps
|
0-0: Called Strike Norberto Muñóz steals 2nd base 0-1: Ball 1-1: Ball 2-1: Ball 3-1: Ground out 1-3 (Groundball, 15S)
|
Batting: LHB Juan Cortés
|
0-0: Ground out 1-3 (Groundball, 15)
|
Batting: RHB Francisco Sandoval
|
0-0: Ball 1-0: Called Strike 1-1: Ground out 4-3 (Groundball, 4)
|
Bottom of the 3rd over - 0 run(s), 0 hit(s), 0 error(s), 1 left on base; Toronto 1 - Pocatello 3 |
TOP OF THE 4TH |
Toronto Titans batting - Pitching for Pocatello Boccabellas : RHP Kevin Bush
|
Batting: LHB Kent MacDulothe
|
0-0: SINGLE (Groundball, 34D)
|
Batting: LHB Roberto García
|
0-0: SINGLE (Flyball, 6MD) Kent MacDulothe to second
|
Batting: SHB Juan Gómez
|
0-0: Foul Ball, location: 2F 0-1: Ball 1-1: Ball 2-1: Fly out, F8 (Line Drive, 8LD) Runner from 2nd tags up, SAFE at 3rd, no throw
|
Batting: LHB Matt Smith
|
0-0: Ball 1-0: Ground out 3-1 (Groundball, 34) Kent MacDulothe scores Roberto García to second
|
Batting: RHB Chris Parker
|
0-0: Ball 1-0: Swinging Strike 1-1: Swinging Strike 1-2: Foul Ball, location: 2F 1-2: Strikes out swinging
|
Top of the 4th over - 1 run(s), 2 hit(s), 0 error(s), 1 left on base; Toronto 2 - Pocatello 3 |
BOTTOM OF THE 4TH |
Pocatello Boccabellas batting - Pitching for Toronto Titans : LHP Stan Aldridge
|
Batting: RHB Pedro Guzmán
|
0-0: Ball 1-0: Ground out 4-3 (Groundball, 4)
|
Batting: RHB José Delgado
|
0-0: Called Strike 0-1: Ball 1-1: Swinging Strike 1-2: Ground out 5-3 (Groundball, 5S)
|
Batting: LHB Jim Jensen
|
0-0: Ball 1-0: Ball 2-0: Called Strike 2-1: Fly out, F9 (Flyball, 9M)
|
Bottom of the 4th over - 0 run(s), 0 hit(s), 0 error(s), 0 left on base; Toronto 2 - Pocatello 3 |
TOP OF THE 5TH |
Toronto Titans batting - Pitching for Pocatello Boccabellas : RHP Kevin Bush
|
Batting: RHB Jim Tracy
|
0-0: Called Strike 0-1: Foul Ball, location: 2F 0-2: Ball 1-2: Ball 2-2: SINGLE (Groundball, 4MD)
|
Batting: RHB Pedro Rosado
|
0-0: Ball 1-0: Foul Ball, location: 2F 1-1: Grounds into double play, 2-6-3 (Groundball, 2R)
|
Batting: SHB Ramón Lugo
|
0-0: Ground out 4-3 (Groundball, 4)
|
Top of the 5th over - 0 run(s), 1 hit(s), 0 error(s), 0 left on base; Toronto 2 - Pocatello 3 |
BOTTOM OF THE 5TH |
Pocatello Boccabellas batting - Pitching for Toronto Titans : LHP Stan Aldridge
|
Batting: SHB Guillermo Ortíz
|
0-0: Called Strike 0-1: Ball 1-1: Swinging Strike 1-2: Strikes out swinging
|
Batting: RHB José García
|
0-0: Ball 1-0: Ball 2-0: Foul Ball, location: 2F 2-1: Foul Ball, location: 2F 2-2: Foul Ball, location: 2F 2-2: Ball 3-2: SINGLE (Line Drive, 56D)
|
Batting: LHB Norberto Muñóz
|
0-0: Ball 1-0: Fielders Choice at 2nd, 1-6 (Groundball, 23)
|
Batting: RHB Marlon Phipps
|
0-0: Ball 1-0: Ball 2-0: Swinging Strike 2-1: DOUBLE (Flyball, 89XD) Norberto Muñóz to third
|
Batting: LHB Juan Cortés
|
0-0: Ball 1-0: Called Strike 1-1: Ball 2-1: Foul Ball, location: 2F 2-2: Strikes out swinging
|
Bottom of the 5th over - 0 run(s), 2 hit(s), 0 error(s), 2 left on base; Toronto 2 - Pocatello 3 |
TOP OF THE 6TH |
Toronto Titans batting - Pitching for Pocatello Boccabellas : RHP Kevin Bush
|
Batting: LHB Lewis Barr
|
0-0: Foul Ball, location: 2F 0-1: Ball 1-1: Called Strike 1-2: Foul Ball, location: 2F 1-2: Ball 2-2: Ground out 1-3 (Groundball, 25)
|
Batting: LHB Kent MacDulothe
|
0-0: Ball 1-0: Called Strike 1-1: Foul Ball, location: 2F 1-2: Strikes out swinging
|
Batting: LHB Roberto García
|
0-0: Ground out 1-3 (Groundball, 13S)
|
Top of the 6th over - 0 run(s), 0 hit(s), 0 error(s), 0 left on base; Toronto 2 - Pocatello 3 |
BOTTOM OF THE 6TH |
Pocatello Boccabellas batting - Pitching for Toronto Titans : LHP Stan Aldridge
|
Batting: RHB Francisco Sandoval
|
0-0: Called Strike 0-1: Fly out, F9 (Flyball, 9M)
|
Batting: RHB Pedro Guzmán
|
0-0: Called Strike 0-1: Ground out 4-3 (Groundball, 4)
|
Batting: RHB José Delgado
|
0-0: Ball 1-0: Ground out 5-3 (Groundball, 5L)
|
Bottom of the 6th over - 0 run(s), 0 hit(s), 0 error(s), 0 left on base; Toronto 2 - Pocatello 3 |
TOP OF THE 7TH |
Toronto Titans batting - Pitching for Pocatello Boccabellas : RHP Kevin Bush
|
Batting: SHB Juan Gómez
|
0-0: Foul Ball, location: 2F 0-1: Ball 1-1: Called Strike 1-2: Ball 2-2: SINGLE (Groundball, 34)
|
Batting: LHB Matt Smith
|
0-0: Bunted foul 0-1: Sac Bunt - play at first, batter OUT! 2-4 Juan Gómez to second
|
Batting: RHB Chris Parker
|
0-0: Ball 1-0: Called Strike 1-1: Called Strike 1-2: Foul Ball, location: 2F 1-2: Foul Ball, location: 2F 1-2: Strikes out looking
|
Pinch Hitting: LHB José Rodríguez
|
0-0: Ball 1-0: Ground out 3-1 (Groundball, 34)
|
Top of the 7th over - 0 run(s), 1 hit(s), 0 error(s), 1 left on base; Toronto 2 - Pocatello 3 |
BOTTOM OF THE 7TH |
Pocatello Boccabellas batting - Pitching for Toronto Titans : LHP Stan Aldridge
|
Pitching: RHP Víctor López
|
|
Now at 1B: José Rodríguez
|
|
Batting: LHB Jim Jensen
|
0-0: Called Strike 0-1: Foul Ball, location: 2F 0-2: Ball 1-2: Ball 2-2: Foul Ball, location: 2F 2-2: DOUBLE (Flyball, 89S)
|
Batting: SHB Guillermo Ortíz
|
0-0: Ball 1-0: Called Strike 1-1: Ball 2-1: Called Strike 2-2: SINGLE (Groundball, 6M) Jim Jensen to third
|
Pinch Hitting: SHB Glenn Vadnais
|
0-0: Foul Ball, location: 2F 0-1: Swinging Strike 0-2: Ball 1-2: Strikes out swinging
|
Batting: LHB Norberto Muñóz
|
0-0: Ball 1-0: Ball 2-0: Ball 3-0: Fly out, F4 (Line Drive, 4)
|
Batting: RHB Marlon Phipps
|
0-0: Ball 1-0: Fly out, F8 (Popup, 6MD)
|
Bottom of the 7th over - 0 run(s), 2 hit(s), 0 error(s), 2 left on base; Toronto 2 - Pocatello 3 |
TOP OF THE 8TH |
Toronto Titans batting - Pitching for Pocatello Boccabellas : RHP Kevin Bush
|
Now in LF: Glenn Vadnais
|
|
Batting: RHB Pedro Rosado
|
0-0: Called Strike 0-1: Foul Ball, location: 2F 0-2: Ball 1-2: Strikes out swinging
|
Batting: SHB Ramón Lugo
|
0-0: Called Strike 0-1: Ball 1-1: Called Strike 1-2: Strikes out swinging
|
Batting: LHB Lewis Barr
|
0-0: Called Strike 0-1: Foul Ball, location: 2F 0-2: Strikes out swinging
|
Top of the 8th over - 0 run(s), 0 hit(s), 0 error(s), 0 left on base; Toronto 2 - Pocatello 3 |
BOTTOM OF THE 8TH |
Pocatello Boccabellas batting - Pitching for Toronto Titans : RHP Víctor López
|
Batting: LHB Juan Cortés
|
0-0: Ball 1-0: SOLO HOME RUN (Line Drive, 89XD), Distance : 474 ft
|
Batting: RHB Francisco Sandoval
|
0-0: Ball 1-0: Fly out, F7 (Flyball, 7M)
|
Batting: RHB Pedro Guzmán
|
0-0: SINGLE (Groundball, 56)
|
Batting: RHB José Delgado
|
0-0: Ball 1-0: Ball 2-0: Called Strike 2-1: Foul Ball, location: 2F 2-2: Foul Ball, location: 2F 2-2: Foul Ball, location: 2F 2-2: Grounds into double play, 4-6-3 (Groundball, 4)
|
Bottom of the 8th over - 1 run(s), 2 hit(s), 0 error(s), 0 left on base; Toronto 2 - Pocatello 4 |
TOP OF THE 9TH |
Toronto Titans batting - Pitching for Pocatello Boccabellas : RHP Kevin Bush
|
Pitching: RHP Adrián Martínez
|
|
Batting: LHB Kent MacDulothe
|
0-0: Called Strike 0-1: Ball 1-1: Ground out U3 (Groundball, 3)
|
Batting: LHB Roberto García
|
0-0: Ball 1-0: Ball 2-0: Foul Ball, location: 2F 2-1: Foul Ball, location: 2F 2-2: Foul Ball, location: 2F 2-2: Foul Ball, location: 2F 2-2: Foul Ball, location: 2F 2-2: Foul Ball, location: 2F 2-2: Ball 3-2: Ground out 6-3 (Groundball, 6M)
|
Batting: SHB Juan Gómez
|
0-0: Foul Ball, location: 2F 0-1: SINGLE (Line Drive, 9LS)
|
Batting: LHB Matt Smith
|
0-0: Called Strike 0-1: Called Strike 0-2: SINGLE (Line Drive, 8LS) Juan Gómez to second
|
Batting: RHB Chris Parker
|
0-0: Foul Ball, location: 2F 0-1: 3-RUN HOME RUN (Flyball, 8LXD), Distance : 458 ft
|
Batting: LHB José Rodríguez
|
0-0: Called Strike 0-1: Ball 1-1: Ball 2-1: Foul Ball, location: 2F 2-2: Ball 3-2: Strikes out looking
|
Top of the 9th over - 3 run(s), 3 hit(s), 0 error(s), 0 left on base; Toronto 5 - Pocatello 4 |
BOTTOM OF THE 9TH |
Pocatello Boccabellas batting - Pitching for Toronto Titans : RHP Víctor López
|
Pitching: RHP Pablo Cabral
|
|
Batting: LHB Jim Jensen
|
0-0: Fly out, F7 (Popup, 7S)
|
Batting: SHB Guillermo Ortíz
|
0-0: Foul Ball, location: 2F 0-1: Called Strike 0-2: Ball 1-2: Ball 2-2: Ball 3-2: Strikes out looking
|
Batting: SHB Glenn Vadnais
|
0-0: Ball 1-0: Swinging Strike 1-1: Ball 2-1: Foul Ball, location: 2F 2-2: Foul Ball, location: 2F 2-2: Ball 3-2: Base on Balls
|
Batting: LHB Norberto Muñóz
|
0-0: Ball 1-0: Fly out, F7 (Line Drive, 78M)
|
Bottom of the 9th over - 0 run(s), 0 hit(s), 0 error(s), 1 left on base; Toronto 5 - Pocatello 4 |
|